 Dungeon Crawl Stone Soup version 0.18.1-6-gd335043 (webtiles) character file.

1121569 FitzyFitz the Conqueror (level 27, -17/298 HPs)
             Began as a Naga Venom Mage on May 11, 2016.
             Was the Champion of Ashenzari.
             Demolished by a bennu (20 damage)
             ... on level 7 of a ziggurat on May 15, 2016.
             The game lasted 11:00:19 (109874 turns).

FitzyFitz the Conqueror (Naga Venom Mage)         Turns: 109874, Time: 11:00:20

Health: -17/298    AC: 41    Str: 18      XL:     27
Magic:  30/45      EV: 14    Int: 30      God:    Ashenzari [******]
Gold:   10243      SH: 24    Dex: 12 (15) Spells: 11 memorised, 3 levels left

rFire  + . .     SeeInvis +     a - +7 eveningstar (freeze)
rCold  + + .     Gourm    .     F - +1 troll leather armour "Geodejao" {+Blink rC+ Regen+ Str+2}
rNeg   + + +     Faith    .     d - +5 large shield (curse)
rPois  ∞         Spirit   .     N - +0 helmet "Koiguesa" {rF- rC+ rN+ Str+4} (curse)
rElec  +         Dismiss  .     D - +2 cloak {+Inv} (curse)
rCorr  .         Reflect  .     y - +2 pair of gloves {Dex+3} (curse)
SustAt .         Harm     .     e - +4 naga barding {Fly}
MR     +++++     Clarity  +     f - macabre finger necklace {rN+} (curse)
Stlth  +++++++...               L - ring of the Mage {Wiz MR++ Int+3}
                                X - ring of Suspected Treachery {Wiz rElec} (curse)
                                V - ring of Dawn {rF++ rC- rN+} (curse)

@: lich-form, silence, flying, very slightly contaminated, slowed, very slow,
almost entirely resistant to hostile enchantments, extremely stealthy
A: see invisible, blink, clever 1, clumsy 1, deformed body, poison resistance,
slowness 2, slow metabolism 1, spit poison 2, subdued magic 1, constrict 1, AC
+9
a: Spit Poison, End Transformation, Blink, Renounce Religion, Evoke Blink, Evoke
Invisibility, Stop Flying
}: 11/15 runes: decaying, slimy, silver, golden, abyssal, demonic, glowing,
magical, fiery, dark, gossamer


You were on level 7 of a ziggurat.
You worshipped Ashenzari.
Ashenzari was exalted by your worship.
You were not hungry.
You were a lich.
You visited 14 branches of the dungeon, and saw 63 of its levels.
You visited Pandemonium 5 times, and saw 18 of its levels.
You visited the Abyss 3 times.
You visited 2 ziggurats, and saw 16 of their levels (deepest: 9).
You also visited: Labyrinth, Ossuary and Volcano.

You collected 14512 gold pieces.
You spent 4269 gold pieces at shops.

Inventory:

Hand Weapons
 a - a +7 eveningstar of freezing (weapon)
 c - a +9 eveningstar of holy wrath
Armour
 d - a cursed +5 large shield (worn)
 e - a +4 naga barding of flying (worn)
 m - a +0 large shield of protection
 y - a cursed +2 pair of gloves of dexterity (worn)
 z - the +2 hat "Aschol" {MR++ Regen+ Int-2}
   (You found it in Pandemonium)

   It affects your intelligence (-2).
   It affects your resistance to hostile enchantments.
   It increases your rate of regeneration.
 A - the +0 naga barding of the Sun {+Blink rC+ rCorr Int+2}
   (You acquired it on level 1 of the Vaults)

   It affects your intelligence (+2).
   It protects you from cold.
   It lets you blink.
   It protects you from acid and corrosion.
 D - a cursed +2 cloak of invisibility (worn)
 F - the +1 troll leather armour "Geodejao" (worn) {+Blink rC+ Regen+ Str+2}
   (You found it on level 6 of a ziggurat)

   It affects your strength (+2).
   It protects you from cold.
   It lets you blink.
   It increases your rate of regeneration.
 I - the +3 leather armour of Surprise {rF++}
   (You found it on level 4 of the Dungeon)

   It greatly protects you from fire.
 N - the cursed +0 helmet "Koiguesa" (worn) {rF- rC+ rN+ Str+4}
   (You bought it in a shop on level 3 of the Vaults)

   It affects your strength (+4).
   It makes you vulnerable to fire.
   It protects you from cold.
   It protects you from negative energy.
   It has a curse placed upon it.
Magical Staves
 b - an uncursed staff of energy
Jewellery
 f - the cursed macabre finger necklace (around neck) {rN+}
   (You bought it in a shop on level 2 of the Orcish Mines)

   [amulet of nothing]

   It protects you from negative energy.
   It has a curse placed upon it.
 g - a +6 ring of evasion
 v - the amulet "Yffou" {Dismiss rN+ MR- Dex+3 SInv}
   (You took it off a deep elf demonologist on level 4 of the Abyss)

   [amulet of dismissal]

   It may teleport away creatures that harm you.
   It affects your dexterity (+3).
   It protects you from negative energy.
   It affects your resistance to hostile enchantments.
   It lets you see invisible.
 H - the ring "Utyho" {rF+ rN+}
   (You found it on level 5 of the Depths)

   [ring of protection from fire]

   It protects you from fire.
   It protects you from negative energy.
 L - the ring of the Mage (right hand) {Wiz MR++ Int+3}
   (You found it on level 4 of a ziggurat)

   [ring of wizardry]

   It improves your spell success rate.
   It affects your intelligence (+3).
   It affects your resistance to hostile enchantments.
 R - the ring of the Eight Gods {rC+ MR+ Str+2}
   (You found it on level 5 of the Depths)

   [ring of protection from magic]

   It affects your strength (+2).
   It protects you from cold.
   It affects your resistance to hostile enchantments.
 S - a +6 ring of protection
 T - the amulet "Ifukkocw" {Regen+ MP+9 Str+4}
   (You found it on level 3 of the Crypt)

   [amulet of regeneration]

   It affects your strength (+4).
   It affects your magic capacity (+9).
   It increases your rate of regeneration.
 V - the cursed ring of Dawn (on amulet) {rF++ rC- rN+}
   (You found it on level 3 of the Crypt)

   [ring of positive energy]

   It greatly protects you from fire.
   It makes you vulnerable to cold.
   It protects you from negative energy.
   It has a curse placed upon it.
 X - the cursed ring of Suspected Treachery (left hand) {Wiz rElec}
   (You took it off a deep elf blademaster on level 3 of the Elven Halls)

   [ring of wizardry]

   It improves your spell success rate.
   It insulates you from electricity.
   It has a curse placed upon it.
 Y - the ring "Ygyot" {+Fly rC+ rN+ Str+3}
   (You took it off a guardian mummy on level 3 of the Crypt)

   [ring of positive energy]

   It affects your strength (+3).
   It protects you from cold.
   It protects you from negative energy.
   It lets you fly.
Wands
 n - a wand of hasting (2/9)
 o - a wand of digging (5/24)
 J - a wand of teleportation (1/9)
 U - a wand of heal wounds (4/9)
Scrolls
 h - 11 scrolls of teleportation
 q - 9 scrolls of fog
 s - 4 scrolls of amnesia
 u - 6 scrolls of blinking
 B - 11 scrolls of magic mapping
 E - 40 scrolls of identify
 M - 2 scrolls of remove curse
 O - 4 scrolls of fear
 W - 8 scrolls of recharging
 Z - a scroll of silence
Potions
 l - 3 potions of might
 p - 9 potions of heal wounds
 w - 2 potions of magic
 C - 3 potions of cancellation
 G - 12 potions of cure mutation
 K - 4 potions of resistance
 P - 8 potions of agility
 Q - 15 potions of curing
Books
 r - a book of Annihilations

   Spells                             Type                      Level
   a - Poison Arrow                   Conjuration/Poison           6
   b - Chain Lightning                Conjuration/Air              8
   c - Lehudib's Crystal Spear        Conjuration/Earth            8
   d - Glaciate                       Conjuration/Ice              9
   e - Fire Storm                     Conjuration/Fire             9
Miscellaneous
 k - 3 phantom mirrors
Comestibles
 i - 63 fruits
 j - 20 bread rations
 t - 2 meat rations


   Skills:
 O Level 27 Fighting
 - Level 18.3 Maces & Flails
 - Level 17.6 Armour
 - Level 12.1(14.8) Dodging
 - Level 16.6(19.0) Stealth
 - Level 12.3(15.0) Shields
 + Level 18.7 Spellcasting
 + Level 14.6(17.1) Conjurations
 - Level 14.5(17.1) Charms
 - Level 3.5(6.2) Summonings
 - Level 17.8(20.2) Necromancy
 - Level 1.6(3.7) Translocations
 - Level 11.7(14.4) Transmutations
 + Level 13.5(16.1) Fire Magic
 - Level 24.0(26.0) Air Magic
   Level 4.0(6.8) Poison Magic
 - Level 8.9(11.8) Evocations


You had 3 spell levels left.
You knew the following spells:

 Your Spells              Type           Power        Failure   Level  Hunger
a - Borgnjor's Revivific  Necr           ########..   1%          8    N/A
b - Death's Door          Chrm/Necr      ########..   1%          8    N/A
c - Silence               Hex/Air        ######....   1%          5    N/A
d - Tornado               Air            #######...   1%          9    N/A
e - Orb of Destruction    Conj           #######...   1%          7    N/A
f - Summon Butterflies    Summ           ######..     1%          1    N/A
g - Bolt of Magma         Conj/Fire/Erth ######....   1%          5    N/A
i - Sublimation of Blood  Necr           ########..   0%          2    N/A
j - Deflect Missiles      Chrm/Air       #######...   1%          6    N/A
k - Apportation           Tloc           #####.....   1%          1    N/A
v - Necromutation         Trmt/Necr      ########..   2%          8    N/A

Dungeon Overview and Level Annotations

Branches:
Dungeon (15/15)            Temple (1/1) D:6            Lair (8/8) D:9
  Swamp (4/4) Lair:3       Spider (4/4) Lair:3        Slime (6/6) Lair:8
    Orc (2/2) D:11            Elf (3/3) Orc:2        Vaults (5/5) D:14
  Crypt (3/3) Vaults:2       Tomb (3/3) Crypt:3      Depths (5/5) D:15
   Hell (1/1)                 Dis (0/7) Hell            Geh (0/7) Hell
    Coc (0/7) Hell            Tar (0/7) Hell            Zot (3/5) Depths:5

Altars:
Ashenzari
Cheibriados
Dithmenos
Elyvilon
Fedhas
Gozag
Kikubaaqudgha
Makhleb
Nemelex Xobeh
Okawaru
Pakellas
Qazlal
Ru
Sif Muna
Trog
Vehumet
Xom
Yredelemnul
Zin
The Shining One
Jiyva

Shops:
D:6 =[*%   D:10 *   D:12 *   Orc:1 (   Orc:2 :===   Elf:2 ?   Vaults:1 ?
Vaults:3 ([:%   Depths:1 *

Portals:
Hell: Depths:1 Depths:2 Depths:3 Depths:4 Depths:5
Abyss: Depths:2 Depths:3 Depths:4 Depths:5
Pandemonium: Depths:2 Depths:3 Depths:5

Annotations:
Elf:2 3 runed doors


Innate Abilities, Weirdness & Mutations

You cannot wear boots.
Your serpentine skin is tough (AC +9).
You have supernaturally acute eyesight.
Armour fits poorly on your strangely shaped body.
Your system is resistant to poisons.
You cover ground very slowly.
You have a slow metabolism.
You can spit poison.
You can use your snake-like lower body to constrict enemies.
You can translocate small distances at will.
Your mind is acute. (Int +2)
You are clumsy. (Dex -2)
Your spells are a little easier to cast, but a little less powerful.


Message History

The bennu closely misses you. The bennu claws you but does no damage.
The death scarab completely misses you. The bennu pecks you!
* * * LOW HITPOINT WARNING * * *
The bennu sears you!!
* * * LOW HITPOINT WARNING * * *
The bennu claws you!
* * * LOW HITPOINT WARNING * * *
The bennu claws you but does no damage. The bennu completely misses you.
The bennu claws you but does no damage. x2
Evoke which item? (* to show all) (? for menu, Esc to quit)
Zapping:
U - a wand of heal wounds (5/9)
Press: ? - help, Shift-Dir - straight line, f - you You feel much better.
This wand has 4 charges left.
The death scarab bites you!!
* * * LOW HITPOINT WARNING * * *
The bennu barely misses you.
The bennu claws you but does no damage. x2
You block the bennu's attack. x3; The bennu pecks you!!
* * * LOW HITPOINT WARNING * * *
The bennu sears you!!
You die...

▓▓▓▓▓▓▓▓▓▓▓
▓▓.........▓▓
▓▓...........▓▓
▓▓.......§...)}▓▓
▓▓........bB§.$$∩▓▓
▓.∩........L§§[(>!▓
▓▓........b...(%∩▓▓
▓▓........§..|%▓▓
▓▓.......§...▓▓
▓▓.........▓▓
▓▓▓▓▓▓▓▓▓▓▓


You could see 2 bennus and a death scarab.

Vanquished Creatures
  the Royal Jelly (Slime:6)
  4 pandemonium lords
  Lom Lobon (Pan)
  Gloorx Vloq (Pan)
  Mnoleg (Pan)
  A seraph (Pan)
  3 ancient liches (Vaults:5)
  Mara (Depths:3)
  An orb of fire (Zot:3)
  Khufu (Crypt:3)
  Mennas (Pan)
  A juggernaut (Depths:5)
  Sojobo (Depths:5)
  Boris (Depths:5)
  30 greater mummies
  A shard shrike (Zig:5)
  A curse toe (Zot:3)
  Margery (Crypt:2)
  3 caustic shrikes
  Norris (Vaults:2)
  Geryon (Hell)
  6 golden dragons
  Nikola (Swamp:4)
  3 iron giants
  Jory (Depths:3)
  A profane servitor (Crypt:3)
  4 bone dragons
  the Enchantress (Depths:2)
  A pearl dragon (Pan)
  2 Brimstone Fiends (Pan)
  Jorgrun (Vaults:2)
  4 Ice Fiends
  16 tentacled monstrosities
  2 deep elf blademasters (Elf:3)
  Asterion (Vaults:1)
  4 quicksilver dragons
  2 deep elf master archers (Elf:3)
  11 titans
  31 acid blobs
  11 liches
  A kraken (Abyss:5)
  5 tentacled starspawn
  8 death cobs
  13 sphinxes
  5 storm dragons
  17 Executioners
  9 shadow dragons
  The ghost of richardnixon the Warrior, an adept MiBe of Trog (Spider:4)
  6 ancient champions
  2 thorn hunters
  Kirke (Spider:2)
  The ghost of DocEon the Spry, an adept HEAr of Ashenzari (Spider:4)
  5 revenants
  21 azure jellies
  11 tengu reavers
  Roxanne (Elf:3)
  19 frost giants
  4 draconian monks
  An iron dragon (Depths:5)
  7 deep elf sorcerers
  A corrupter (Pan)
  17 vault wardens
  Louise (Swamp:1)
  4 draconian zealots
  16 daevas (Pan)
  18 balrugs
  13 fire giants
  Wiglaf (Vaults:1)
  6 ghost moths
  7 draconian knights
  11 emperor scorpions
  A juggernaut zombie (Zig:6)
  15 cacodemons
  Aizul (Vaults:3)
  3 draconian shifters
  2 orc warlords
  2 draconian scorchers
  23 angels
  9 ghouls
  20 ironheart preservers
  3 curse skulls
  4 warmongers
  6 deep elf elementalists
  6 spriggan defenders
  12 reapers
  4 draconian annihilators
  4 war gargoyles
  25 stone giants
  32 very ugly things
  13 ophanim (Pan)
  A draconian caller (Zot:1)
  20 apis (Pan)
  6 green draconians
  4 blood saints
  4 salamander stormcallers
  2 chaos champions (Zig:9)
  5 white draconians
  10 red draconians
  4 vampire knights
  13 deep elf annihilators
  3 purple draconians
  9 lorocyprocas
  5 black suns
  5 mottled draconians
  A dire elephant (Depths:2)
  9 deep elf demonologists
  5 bennus
  5 spark wasps
  Azrael (Elf:1)
  5 yellow draconians
  10 black draconians
  24 fire dragons
  21 deep elf death magi
  18 jiangshi
  17 ettins
  13 green deaths
  2 eidola
  Josephine (Orc:2)
  25 mummy priests
  10 death oozes
  11 blizzard demons
  A kraken zombie (Hell)
  21 yaktaur captains
  36 vault guards
  A minotaur (Lab)
  13 entropy weavers
  26 ice dragons
  16 great orbs of eyes
  A naga warrior (Abyss:1)
  5 deep elf high priests
  162 slime creatures
  The ghost of Jase the Severer, a journeyman MiFi of Okawaru (Lair:2)
  6 rakshasas
  25 hydras
  A great orb of eyes (shapeshifter) (Zig:6)
  4 spriggan air magi
  4 hell beasts
  5 monstrous demonspawn
  A quicksilver dragon skeleton (Tomb:1)
  Erolcha (D:8)
  2 anacondas
  A ghost crab (shapeshifter) (Depths:3)
  A merfolk aquamancer (Depths:5)
  3 ghost crabs
  12 centaur warriors
  8 death knights
  17 ogre magi
  4 catoblepae
  A spectral frost giant (Crypt:3)
  11 alligators
  A catoblepas (shapeshifter) (Depths:5)
  25 dancing weapons
  11 deep troll earth magi
  A queen ant (Spider:2)
  A hell hog (shapeshifter) (Vaults:5)
  10 hell hogs (Hell)
  5 vampire magi
  12 deep troll shamans
  4 starcursed masses (Abyss:4)
  5 tengu warriors
  12 death yaks
  12 thrashing horrors
  3 spriggan berserkers
  29 large abominations
  A naga sharpshooter (Depths:5)
  3 holy swine (Pan)
  10 hell knights
  37 sun demons
  5 orc high priests
  19 soul eaters
  2 iron golems (Hell)
  4 wretched stars
  A storm dragon zombie (Hell)
  10 shadow wraiths
  2 salamander mystics (Depths:4)
  43 deep elf knights
  An iron troll (Orc:2)
  2 fire crabs
  3 anaconda zombies
  Nergalle (Lair:1)
  2 titan skeletons (Pan)
  An unseen horror (shapeshifter) (Vaults:2)
  27 death scarabs
  44 skeletal warriors
  A storm dragon skeleton (Depths:2)
  15 cherubim (Pan)
  An unseen horror (D:15)
  A spectral ghost moth (Crypt:3)
  3 spatial maelstroms
  8 flayed ghosts
  3 spriggan druids
  5 gelid demonspawn
  A sea snake (shapeshifter) (Vaults:2)
  36 deep trolls
  6 torturous demonspawn
  2 spectral hydras (Swamp:4)
  A death drake (shapeshifter) (Vaults:4)
  5 infernal demonspawn (Pan)
  3 swamp dragons
  9 giant orange brains
  33 deep elf archers
  2 shambling mangroves
  4 putrid demonspawn (Pan)
  4 shadow demons
  Pikel (D:8)
  An anubis guard (shapeshifter) (Vaults:4)
  12 hill giants
  10 phantasmal warriors
  2 golden dragon skeletons
  4 lindwurms
  An anaconda skeleton (Pan)
  7 necromancers
  30 anubis guards
  106 deep elf magi
  2 lindwurms (shapeshifter)
  47 ugly things
  15 ironbrand convokers
  14 orc knights
  26 orb spiders
  9 cyclopes
  3 orc sorcerers
  2 frost giant zombies
  2 shadow dragon skeletons
  7 oklob plants
  6 hornets
  14 salamanders
  47 wolf spiders
  10 wizards
  A shining eye (shapeshifter) (Depths:5)
  5 griffons
  9 harpies
  3 shining eyes
  A hornet (shapeshifter) (Zig:6)
  A faun (shapeshifter) (Vaults:4)
  An iron dragon skeleton (Pan)
  A manticore (D:11)
  2 fire giant skeletons
  3 stone giant skeletons
  11 sixfirhies
  12 elephants
  An elephant (shapeshifter) (Elf:2)
  20 vault sentinels
  20 moths of wrath
  2 dire elephant zombies
  11 rust devils
  An octopode (shapeshifter) (Vaults:4)
  3 frost giant skeletons
  3 guardian serpents
  A black mamba (shapeshifter) (Vaults:2)
  10 black mambas
  2 gargoyles
  An ice statue (Zig:3)
  An eye of devastation (shapeshifter) (Vaults:2)
  Psyche (D:8)
  18 orange demons
  An apocalypse crab (Abyss:5)
  36 smoke demons
  A naga mage (Zig:2)
  An eye of devastation (Slime:6)
  A molten gargoyle (Depths:4)
  A catoblepas zombie (Crypt:1)
  10 torpor snails
  2 hellions
  A shock serpent skeleton (Tomb:2)
  22 spiny frogs
  66 yaktaurs
  2 rime drakes (shapeshifter) (Depths:1)
  A komodo dragon (shapeshifter) (Zot:3)
  6 kobold demonologists
  2 rime drakes
  An emperor scorpion zombie (Crypt:1)
  19 freezing wraiths
  11 komodo dragons
  8 efreet
  An elf skeleton (Zig:6)
  3 swamp worm zombies
  A yaktaur (shapeshifter) (Vaults:2)
  14 hellwings (Pan)
  3 ice devils
  2 tormentors (Pan)
  61 guardian mummies
  22 red devils
  5 spectral deep trolls (Crypt:2)
  14 trolls
  2 ancient zymes
  18 demonic crawlers
  2 spriggan skeletons (Zig:4)
  3 tengu conjurers
  The ghost of kqf521 the Shield-Bearer, an amateur DrFi (D:4)
  2 trolls (shapeshifter) (Depths:1)
  A merfolk (Depths:5)
  9 polar bears
  10 hydra zombies
  12 giant leeches
  42 jumping spiders
  A human (Spider:2)
  30 two-headed ogres
  18 blink frogs
  A giant leech (shapeshifter) (Vaults:5)
  A harpy skeleton (Pan)
  A two-headed ogre (shapeshifter) (Depths:5)
  2 satyr zombies (Crypt:2)
  13 raiju
  22 ushabtiu
  6 boulder beetles
  An iron dragon simulacrum (Abyss:5)
  6 bog bodies (Swamp:4)
  3 alligator zombies (Swamp:4)
  A fire giant simulacrum (Vaults:5)
  An ice dragon zombie (Crypt:1)
  A human simulacrum (Vaults:5)
  A spectral swamp dragon (Swamp:4)
  A frost giant simulacrum (Crypt:3)
  An alligator skeleton (Hell)
  A black mamba zombie (Hell)
  An ettin skeleton (Depths:2)
  6 air elementals
  10 shadows
  An ettin zombie (Crypt:3)
  5 water elementals
  13 spriggans
  33 tarantellas
  2 wyverns
  A fire dragon skeleton (Pan)
  93 flying skulls
  13 wraiths
  A human (shapeshifter) (D:15)
  84 redbacks
  4 fire bats (Depths:4)
  2 tarantellas (shapeshifter)
  15 ynoxinuls
  61 yaks
  Grum (D:8)
  4 fire elementals
  A fire bat (shapeshifter) (Depths:4)
  A hog (Spider:2)
  14 hippogriffs
  A black mamba skeleton (Pan)
  14 golden eyes
  3 hungry ghosts
  2 basilisks
  21 neqoxecs
  14 wargs
  51 vampire mosquitoes
  Menkaure (D:5)
  7 chaos spawn
  7 mottled dragons
  Edmund (D:4)
  24 insubstantial wisps
  20 swamp worms
  A naga (Zig:2)
  18 soldier ants (Spider:2)
  A soldier ant (shapeshifter) (Vaults:4)
  21 water moccasins
  13 porcupines
  10 giant eyeballs
  14 hell hounds
  Duvessa (D:4)
  61 orc warriors
  2 spiny frog zombies (Hell)
  7 swamp drakes
  4 ice beasts
  13 black bears (Lair:8)
  2 spiny frog skeletons
  5 sky beasts
  A wasp (shapeshifter) (Vaults:2)
  7 eyes of draining
  2 swamp dragon zombies
  3 slaves (D:8)
  77 ogres
  6 necrophages
  An anubis guard skeleton (Crypt:2)
  11 wasps
  10 phantoms
  17 boggarts
  5 centaurs
  A snapping turtle skeleton (Pan)
  31 wolves
  16 crocodiles
  3 big kobolds
  A rime drake zombie (Crypt:2)
  Blork the orc (D:6)
  27 giant frogs
  A glowing shapeshifter simulacrum (Vaults:5)
  A spiny frog simulacrum (Hell)
  A wyvern zombie (D:14)
  An earth elemental (Elf:3)
  2 water moccasin zombies
  A dryad skeleton (Crypt:1)
  10 scorpions
  Dowan (D:4)
  A water moccasin skeleton (D:10)
  6 killer bees (D:11)
  18 wights
  8 electric eels
  3 howler monkeys
  9 crimson imps
  4 small abominations
  10 centaur zombies
  An elf simulacrum (Crypt:3)
  3 quasits
  2 human zombies (Ossuary)
  2 giant frog zombies
  30 jellies
  8 centaur skeletons
  Crazy Yiuf (D:4)
  31 hounds
  21 orc priests
  2 giant frog skeletons (D:13)
  12 iguanas
  2 spectral swamp drakes (Swamp:4)
  32 orc wizards
  32 worker ants
  23 sheep
  A sky beast zombie (Crypt:1)
  A big kobold zombie (Ossuary)
  A dwarf zombie (Crypt:2)
  68 mummies
  A howler monkey zombie (D:7)
  A worker ant zombie (D:10)
  10 gnolls
  6 scorpion zombies (Ossuary)
  3 swamp drake zombies (Swamp:4)
  21 adders
  53 river rats
  4 shadow imps
  2 white imps
  An ufetubus (Abyss:4)
  2 oozes
  An adder zombie (D:5)
  An adder skeleton (D:7)
  19 worms
  4 dart slugs (D:1)
  4 giant geckos
  126 orcs
  7 giant cockroaches
  14 goblins
  14 hobgoblins
  14 jackals
  15 kobolds
  5 quokkas
  4 ball pythons
  14 bats
  A dart slug zombie (Crypt:2)
  A giant gecko zombie (D:7)
  3 giant newts
  4 gnoll zombies (Ossuary)
  A goblin zombie (Ossuary)
  2 hobgoblin zombies (Ossuary)
  2 jackal skeletons
  3 orc zombies (Ossuary)
  A quokka skeleton (D:6)
  8 rats
  2 butterflies (Lair:2)
  4 fire vortices (Pan)
  9 fungi
  A lost soul (Crypt:3)
  25 plants
  3 starspawn tentacles
  5 tentacles
4480 creatures vanquished.

Vanquished Creatures (collateral kills)
  Cerebov (Pan)
  A Killer Klown (Zot:3)
  A Brimstone Fiend (Pan)
  An azure jelly (Slime:6)
  An ironheart preserver (Vaults:1)
  An orange demon (Pan)
  3 slime creatures (Swamp:2)
  5 insubstantial wisps (Swamp:2)
  4 boggarts (Vaults:1)
18 creatures vanquished.

Vanquished Creatures (others)
  An eldritch tentacle (Pan)
  A fire giant (Depths:4)
  Donald (Slime:2)
  A deep elf elementalist (Elf:3)
  A draconian zealot (Zot:1)
  A warmonger (Zig:9)
  A deep elf high priest (Vaults:5)
  A hell hog (Hell)
  An anaconda (Depths:2)
  A deep elf knight (Elf:1)
  36 death scarabs (Tomb:2)
  An unseen horror (Vaults:1)
  3 shadow demons
  A deep elf archer (Elf:1)
  An anubis guard (Tomb:3)
  4 deep elf magi
  A hornet (Swamp:1)
  An ugly thing (D:14)
  A sixfirhy (Pan)
  An ancient zyme (Abyss:5)
  2 jumping spiders
  A bog body (Swamp:4)
  14 flying skulls
  A tarantella (Spider:4)
  3 humans (Spider:2)
  A neqoxec (Pan)
  A small abomination (Abyss:4)
  A large abomination (Abyss:4)
  A slave (D:8)
  An eye of draining (Abyss:5)
  2 boggarts (Vaults:3)
  4 ogres
  2 mummies
  A scorpion zombie (Ossuary)
  7 ball lightnings
  2 orcs (D:8)
  5 bushes
  87 eldritch tentacle segments (Pan)
  75 fungi
  7 lost souls
  128 plants
  13 starspawn tentacles
  200 starspawn tentacle segments
  8 tentacles
  745 tentacle segments
1372 creatures vanquished.

Grand Total: 5870 creatures vanquished

Notes
Turn   | Place    | Note
--------------------------------------------------------------
     0 | D:1      | FitzyFitz the Naga Venom Mage began the quest for the Orb.
     0 | D:1      | Reached XP level 1. HP: 15/15 MP: 3/3
   255 | D:1      | Reached XP level 2. HP: 22/22 MP: 0/5
   892 | D:1      | Reached XP level 3. HP: 28/28 MP: 1/6
  1415 | D:1      | Learned a level 3 spell: Mephitic Cloud
  1775 | D:2      | Found a sparkling altar of Nemelex Xobeh.
  1947 | D:2      | Reached XP level 4. HP: 36/36 MP: 4/7
  1995 | D:2      | Reached skill level 1 in Air Magic
  2631 | D:2      | Reached skill level 1 in Conjurations
  3012 | D:2      | Found a shimmering altar of Xom.
  3118 | D:2      | Reached XP level 5. HP: 41/42 MP: 4/8
  3196 | D:3      | Noticed a sky beast
  3386 | D:2      | Learned a level 4 spell: Olgreb's Toxic Radiance
  4039 | D:3      | Reached XP level 6. HP: 47/49 MP: 4/10
  4185 | D:2      | HP: 2/49 [poisoned by you (toxic radiance)]
  4505 | D:3      | Killed a sky beast
  4601 | D:3      | Learned a level 2 spell: Cure Poison
  5160 | D:3      | Reached XP level 7. HP: 48/55 MP: 8/11
  5171 | D:3      | Found an iron altar of Okawaru.
  5401 | D:4      | Noticed kqf521's ghost (amateur DrFi)
  5625 | D:4      | Reached skill level 5 in Stealth
  5654 | D:4      | Got a slimy leather armour
  5668 | D:4      | Found a blossoming altar of Fedhas.
  5746 | D:4      | Found a sand-covered staircase.
  5752 | Ossuary  | Entered an ossuary
  6384 | Ossuary  | Reached XP level 8. HP: 40/63 MP: 12/12
  6546 | Ossuary  | Reached skill level 1 in Fighting
  6861 | Ossuary  | Reached skill level 2 in Fighting
  7149 | Ossuary  | Reached skill level 3 in Fighting
  7517 | Ossuary  | Reached skill level 4 in Fighting
  7682 | Ossuary  | Identified the +3 leather armour of Surprise {rF++} (You found it on level 4 of the Dungeon)
  7762 | Ossuary  | Reached skill level 5 in Fighting
  8070 | D:4      | Noticed Edmund
  8101 | D:5      | Entered Level 5 of the Dungeon
  8302 | D:5      | Found a glowing silver altar of Zin.
  8514 | D:5      | Reached XP level 9. HP: 81/81 MP: 13/13
  8541 | D:4      | Noticed Duvessa
  8541 | D:4      | Noticed Dowan
  9019 | D:6      | Found a shadowy altar of Dithmenos.
  9029 | D:6      | Found Caxt's Food Shop.
  9034 | D:6      | Found Fouqil's General Store.
  9048 | D:6      | Reached skill level 5 in Conjurations
  9048 | D:6      | Reached skill level 10 in Poison Magic
  9073 | D:6      | Bought a slice of pizza for 21 gold pieces
  9218 | D:6      | Bought a scroll of fog for 24 gold pieces
  9251 | D:6      | Found a staircase to the Ecumenical Temple.
  9263 | Temple   | Entered the Ecumenical Temple
  9272 | Temple   | Became a worshipper of Ashenzari the Shackled
  9346 | D:6      | Noticed Menkaure
  9636 | D:4      | Killed kqf521's ghost
  9636 | D:4      | Reached skill level 6 in Fighting
  9936 | D:4      | Killed Dowan
  9936 | D:4      | Reached skill level 1 in Short Blades
  9962 | D:4      | Killed Duvessa
 10066 | D:4      | Found a basalt altar of Yredelemnul.
 10163 | D:4      | Killed Edmund
 10322 | D:4      | Noticed Crazy Yiuf
 10328 | D:4      | Killed Crazy Yiuf
 10648 | D:6      | Found Diumm's Jewellery Shoppe.
 10709 | D:6      | Found Enuimuh's Armour Shop.
 10740 | D:6      | Noticed Blork the orc
 10745 | D:6      | Killed Blork the orc
 11035 | D:6      | Learned a level 5 spell: Venom Bolt
 11062 | D:7      | Found a stormy altar of Qazlal.
 11432 | D:7      | Found a burning altar of Makhleb.
 11434 | D:7      | Found an oddly glowing altar of Pakellas.
 11613 | D:7      | Found a white marble altar of Elyvilon.
 11736 | D:7      | Reached skill level 5 in Short Blades
 11736 | D:7      | Reached XP level 10. HP: 91/91 MP: 15/15
 12215 | D:8      | Noticed Pikel
 12258 | D:8      | Killed Pikel
 12498 | D:8      | Noticed Grum
 12514 | D:8      | Killed Grum
 12655 | D:8      | Reached * piety under Ashenzari
 12815 | D:8      | Noticed Erolcha
 12846 | D:8      | Noticed Psyche
 13019 | D:8      | Killed Erolcha
 13019 | D:8      | Reached skill level 10 in Stealth
 13026 | D:8      | Killed Psyche
 13720 | D:9      | Reached XP level 11. HP: 96/97 MP: 12/16
 14160 | D:9      | Found an opulent altar of Gozag.
 14252 | D:9      | Found a staircase to the Lair.
 14640 | D:10     | Entered Level 10 of the Dungeon
 14725 | D:10     | Reached ** piety under Ashenzari
 14779 | D:10     | Learned a level 3 spell: Spider Form
 15040 | D:10     | Found Imirri's Assorted Antiques.
 15045 | D:10     | Bought a scroll of identify for 58 gold pieces
 15046 | D:10     | Bought a scroll of remove curse for 87 gold pieces
 15046 | D:10     | Bought a scroll of remove curse for 87 gold pieces
 15711 | D:11     | Noticed a hill giant
 15727 | D:11     | Found a labyrinth entrance.
 15734 | Lab      | Entered a labyrinth
 15910 | Lab      | Noticed a minotaur
 15945 | Lab      | Identified the +1 plate armour of the Alphagorgon {MR- Int+3 Dex+6} (You found it in a labyrinth)
 16041 | Lab      | Killed a minotaur
 16041 | Lab      | Reached skill level 7 in Fighting
 16720 | D:11     | Noticed a hill giant
 16727 | D:11     | Found a staircase to the Orcish Mines.
 16731 | D:11     | Killed a hill giant
 16731 | D:11     | Reached skill level 1 in Armour
 16736 | D:11     | Noticed a red ugly thing
 16738 | D:11     | Noticed a hill giant
 17211 | D:11     | Killed a hill giant
 17223 | D:11     | Gained mutation: You can translocate small distances at will. [potion of mutation]
 17223 | D:11     | Gained mutation: You are surrounded by a mild repulsion field (EV +2). [potion of mutation]
 17223 | D:11     | Gained mutation: Your muscles are strong. (Str +2) [potion of mutation]
 17283 | D:11     | Reached skill level 5 in Air Magic
 17513 | D:11     | Noticed a manticore
 17536 | D:11     | Killed a manticore
 17536 | D:11     | Reached skill level 1 in Shields
 17750 | D:11     | Noticed a hill giant
 17760 | D:11     | Killed a hill giant
 17760 | D:11     | Reached XP level 12. HP: 109/109 MP: 18/18
 18061 | Orc:1    | Entered Level 1 of the Orcish Mines
 18410 | Orc:2    | Entered Level 2 of the Orcish Mines
 18567 | Orc:1    | Reached *** piety under Ashenzari
 18654 | Orc:1    | Found Raeqiaku's Antique Weapon Shoppe.
 19044 | Lair:1   | Entered Level 1 of the Lair of Beasts
 19230 | Lair:1   | Reached skill level 5 in Shields
 19561 | Lair:1   | Noticed a seven-headed hydra
 19833 | Lair:1   | Learned a level 5 spell: Lightning Bolt
 19845 | Lair:1   | Noticed Nergalle
 19856 | Lair:1   | Killed Nergalle
 19992 | Lair:2   | Found a dark tunnel.
 20001 | Volcano  | Entered a volcano
 20428 | Lair:2   | Noticed Jase's ghost (journeyman MiFi)
 20580 | Lair:1   | Noticed a five-headed hydra
 20623 | Lair:1   | Killed a five-headed hydra
 20631 | Lair:1   | Killed a seven-headed hydra
 21138 | Lair:2   | Reached **** piety under Ashenzari
 21744 | Lair:2   | Gained mutation: You can use your snake-like lower body to constrict enemies. [Naga growth]
 21744 | Lair:2   | Reached XP level 13. HP: 66/116 MP: 5/19
 22094 | Lair:2   | Killed Jase's ghost
 22094 | Lair:2   | Reached skill level 1 in Evocations
 22437 | Lair:3   | Identified a scroll of acquirement
 22507 | Lair:3   | Reached skill level 5 in Spellcasting
 22676 | Lair:3   | Found a hole to the Spider Nest.
 22821 | Lair:3   | Found a staircase to the Swamp.
 24272 | Lair:5   | Reached ***** piety under Ashenzari
 24315 | Lair:5   | Reached skill level 8 in Fighting
 24638 | Lair:5   | Reached skill level 9 in Fighting
 24884 | Lair:5   | Reached skill level 1 in Maces & Flails
 25377 | Lair:6   | Reached skill level 10 in Fighting
 25890 | Lair:6   | Reached XP level 14. HP: 133/133 MP: 25/25
 25900 | Lair:6   | Reached skill level 5 in Maces & Flails
 26720 | Lair:7   | Reduced skill Short Blades to level 5
 27142 | Lair:8   | Entered Level 8 of the Lair of Beasts
 27318 | Lair:7   | Reached skill level 10 in Maces & Flails
 28598 | Lair:8   | Reduced skill Short Blades to level 1
 28653 | Lair:8   | Found a staircase to the Slime Pits.
 29202 | Lair:8   | Reached skill level 15 in Stealth
 29257 | Lair:8   | Reached XP level 15. HP: 122/140 MP: 16/26
 29279 | Lair:8   | Identified the +2 leather armour of Kurroc {Dex+2}
 29742 | Lair:8   | Found a runed door.
 30664 | Lair:1   | Learned a level 6 spell: Poisonous Cloud
 30671 | Lair:1   | Learned a level 4 spell: Force Lance
 30906 | Orc:2    | Found Tiss's Book Shop.
 30907 | Orc:2    | Found Wack's Jewellery Shop.
 30930 | Orc:2    | Reached skill level 10 in Air Magic
 31387 | Orc:2    | Found Saux's Jewellery Emporium.
 31416 | Orc:2    | Found Jizin's Jewellery Boutique.
 31466 | Orc:2    | Found a staircase to the Elven Halls.
 31512 | Orc:2    | Noticed Josephine
 31549 | Orc:2    | Killed Josephine
 32058 | Orc:2    | Bought the macabre finger necklace {rN+} for 205 gold pieces
 32078 | Orc:2    | Bought a +6 ring of evasion for 1170 gold pieces
 32606 | D:12     | Reached skill level 1 in Translocations
 33193 | Spider:1 | Entered Level 1 of the Spider Nest
 33385 | Spider:1 | Reached XP level 16. HP: 118/148 MP: 27/27
 34321 | Spider:2 | Reached skill level 5 in Evocations
 34500 | Spider:2 | Noticed Kirke
 35166 | Spider:2 | Killed Kirke
 35996 | Spider:3 | Reached skill level 5 in Armour
 37608 | Swamp:1  | Entered Level 1 of the Swamp
 37608 | Swamp:1  | Noticed Louise
 37622 | Swamp:1  | Killed Louise
 37622 | Swamp:1  | Reached skill level 15 in Maces & Flails
 37656 | Swamp:1  | Reached XP level 17. HP: 133/156 MP: 21/28
 39570 | D:6      | Bought the cursed +1 troll leather armour of the Lost Ships {+Blink rElec Regen+ Str+2} for 506 gold pieces
 39597 | D:6      | Bought a scroll of remove curse for 36 gold pieces
 39597 | D:6      | Bought a +1 pair of gloves of dexterity for 198 gold pieces
 39624 | D:6      | Bought a bread ration for 70 gold pieces
 39725 | Lair:1   | Learned a level 3 spell: Ignite Poison
 39755 | Lair:1   | Learned a level 2 spell: Sublimation of Blood
 39957 | Swamp:2  | Reached skill level 1 in Transmutations
 40081 | Swamp:2  | Reached skill level 1 in Necromancy
 40153 | Swamp:2  | Reached skill level 11 in Fighting
 40980 | Swamp:3  | Reached skill level 12 in Fighting
 41221 | Swamp:4  | Entered Level 4 of the Swamp
 41292 | Swamp:4  | Reached ****** piety under Ashenzari
 42158 | Swamp:4  | Noticed Nikola
 42234 | Swamp:4  | Killed Nikola
 42234 | Swamp:4  | Reached skill level 13 in Fighting
 42713 | Swamp:4  | Reached XP level 18. HP: 159/172 MP: 29/29
 43074 | Swamp:4  | Noticed a bone dragon
 43094 | Swamp:4  | Killed a bone dragon
 43094 | Swamp:4  | Reached skill level 14 in Fighting
 43105 | Swamp:4  | Got a decaying rune of Zot
 43393 | Spider:4 | Entered Level 4 of the Spider Nest
 43538 | Spider:4 | Noticed richardnixon's ghost (adept MiBe)
 44033 | Spider:4 | Killed richardnixon's ghost
 44612 | Spider:4 | Noticed DocEon's ghost (adept HEAr)
 45281 | Spider:4 | Killed DocEon's ghost
 45681 | Spider:4 | Got a gossamer rune of Zot
 46378 | D:12     | Reached XP level 19. HP: 173/183 MP: 31/31
 46669 | D:12     | Found Osej's Assorted Antiques.
 46928 | D:5      | Killed Menkaure
 47277 | D:13     | Reached skill level 10 in Shields
 48739 | D:14     | Found a blossoming altar of Fedhas.
 48862 | D:14     | Found a blossoming altar of Fedhas.
 48902 | D:14     | Found an oddly glowing altar of Pakellas.
 48962 | D:14     | Found a gate to the Vaults.
 49129 | D:15     | Entered Level 15 of the Dungeon
 49290 | D:15     | Found a shadowy altar of Dithmenos.
 50109 | D:15     | Found a staircase to the Depths.
 50402 | Vaults:1 | Entered Level 1 of the Vaults
 50407 | Vaults:1 | Noticed Wiglaf
 50416 | Vaults:1 | Killed Wiglaf
 50575 | Vaults:1 | Got the glaive of Theory {chop, Str+4 Dex+3 SInv}
 51258 | Vaults:1 | Found Selup's Magic Scroll Shoppe.
 51279 | Vaults:1 | Bought a scroll of blinking for 90 gold pieces
 51279 | Vaults:1 | Bought a scroll of enchant weapon for 90 gold pieces
 51279 | Vaults:1 | Bought a scroll of remove curse for 36 gold pieces
 51279 | Vaults:1 | Bought a scroll of amnesia for 42 gold pieces
 51279 | Vaults:1 | Bought a scroll of fog for 24 gold pieces
 51279 | Vaults:1 | Bought a scroll of remove curse for 36 gold pieces
 51279 | Vaults:1 | Bought 2 scrolls of remove curse for 72 gold pieces
 51291 | Vaults:1 | Identified the +1 mace of Gymyul {crush, +Inv rElec Str+2}
 51291 | Vaults:1 | Identified the +6 glaive of Theory {chop, Str+4 Dex+3 SInv} (You found it on level 1 of the Vaults)
 51291 | Vaults:1 | Identified the +0 long sword of the Exiled Lies {holy, *Corrode +Rage rPois MR+}
 51324 | Vaults:1 | Noticed Asterion
 51337 | Vaults:1 | Killed Asterion
 51961 | Vaults:1 | Reached XP level 20. HP: 117/192 MP: 13/33
 51993 | Vaults:1 | Identified the cursed +0 naga barding of the Sun {+Blink rC+ rCorr Int+2} (You acquired it on level 1 of the Vaults)
 52647 | Vaults:1 | Reached skill level 10 in Spellcasting
 53067 | Vaults:2 | Noticed Jorgrun
 53076 | Vaults:2 | Killed Jorgrun
 53225 | Vaults:2 | Reached skill level 10 in Conjurations
 53662 | Vaults:2 | Noticed Norris
 53794 | Vaults:2 | Found a staircase to the Crypt.
 53794 | Vaults:2 | Found a basalt altar of Yredelemnul.
 53795 | Vaults:2 | Found an ancient bone altar of Kikubaaqudgha.
 54203 | Vaults:2 | Killed Norris
 54320 | Vaults:2 | Identified the Grimoire of Envenoming and Calling
 54661 | Vaults:3 | Reached XP level 21. HP: 185/199 MP: 35/35
 54883 | Vaults:3 | Found Qyefann's Book Shop.
 54895 | Vaults:3 | Found Katodeh's Armour Shoppe.
 54981 | Vaults:3 | Learned a level 7 spell: Orb of Destruction
 55340 | Vaults:3 | Noticed Aizul
 55788 | Lair:1   | Learned a level 6 spell: Deflect Missiles
 55947 | Orc:2    | Bought an uncursed ring of wizardry for 330 gold pieces
 56315 | Vaults:1 | Reached skill level 1 in Charms
 56433 | Vaults:3 | Killed Aizul
 56738 | Vaults:3 | Found Teeq's Food Shop.
 57085 | Vaults:3 | Found Radep's Weapon Emporium.
 58354 | Vaults:4 | Reached XP level 22. HP: 166/208 MP: 37/37
 58609 | Vaults:4 | Reached skill level 15 in Fighting
 59160 | Lair:1   | Learned a level 9 spell: Tornado
 59352 | Elf:1    | Entered Level 1 of the Elven Halls
 59554 | Elf:1    | Reached skill level 15 in Air Magic
 59591 | Elf:1    | Found an ancient bone altar of Kikubaaqudgha.
 59728 | Elf:1    | Learned a level 5 spell: Silence
 60322 | Elf:2    | Noticed Azrael
 60333 | Elf:1    | Killed Azrael
 60434 | Elf:2    | Found Ytta's Magic Scroll Emporium.
 60476 | Elf:2    | Bought a scroll of acquirement for 624 gold pieces
 60476 | Elf:2    | Bought a scroll of remove curse for 36 gold pieces
 60476 | Elf:2    | Bought a scroll of remove curse for 36 gold pieces
 60476 | Elf:2    | Bought a scroll of fog for 24 gold pieces
 60476 | Elf:2    | Bought a scroll of recharging for 114 gold pieces
 60543 | Elf:2    | Found a runed gate.
 60543 | Elf:2    | Found a runed gate.
 60550 | Elf:2    | Found a runed gate.
 60986 | Elf:2    | Found an ancient bone altar of Kikubaaqudgha.
 61142 | Elf:3    | Entered Level 3 of the Elven Halls
 61172 | Elf:3    | Noticed Roxanne
 61263 | Elf:3    | Killed Roxanne
 61270 | Elf:3    | Identified Roxanne's Guide on the Rocks (You took it off Roxanne on level 3 of the Elven Halls)
 62187 | Elf:3    | Reached XP level 23. HP: 189/217 MP: 29/38
 62503 | Elf:3    | Identified the ring "Ibriosm" {+Fly MR+} (You took it off a deep elf demonologist on level 3 of the Elven Halls)
 62521 | Elf:3    | Identified the ring of Suspected Treachery {Wiz rElec} (You took it off a deep elf blademaster on level 3 of the Elven Halls)
 62534 | Elf:3    | Identified the ring "Pysayd" {rCorr Str+6 Int+6 Dex-2}
 62791 | Elf:3    | Learned a level 1 spell: Summon Butterflies
 63573 | Crypt:1  | Entered Level 1 of the Crypt
 64874 | Crypt:2  | Noticed Margery
 64891 | Crypt:2  | Killed Margery
 65755 | Crypt:3  | Entered Level 3 of the Crypt
 65843 | Crypt:3  | Reached XP level 24. HP: 196/225 MP: 38/38
 66112 | Crypt:3  | Found a basalt altar of Yredelemnul.
 66328 | Crypt:3  | Learned a level 1 spell: Apportation
 66444 | Crypt:3  | Identified a +4 rod of clouds (11/11) (You found it on level 3 of the Crypt)
 66754 | Crypt:3  | Identified the ring "Ygyot" {+Fly rC+ rN+ Str+3} (You took it off a guardian mummy on level 3 of the Crypt)
 66758 | Crypt:3  | Found a staircase to the Tomb.
 66758 | Crypt:3  | Noticed Khufu
 66775 | Crypt:3  | Killed Khufu
 66778 | Crypt:3  | Identified the amulet "Ifukkocw" {Regen+ MP+9 Str+4}
 66786 | Crypt:3  | Identified the ring of Dawn {rF++ rC- rN+}
 66911 | Crypt:3  | Identified the Papyrus of Vitriolic Cold
 67152 | Crypt:3  | Identified the Collected Works on the Supportive Arsonist
 67937 | Vaults:5 | Entered Level 5 of the Vaults
 67937 | Vaults:5 | Noticed an ancient lich
 67947 | Vaults:5 | Killed an ancient lich
 68098 | Vaults:4 | Reached XP level 25. HP: 226/232 MP: 38/38
 68999 | Vaults:5 | Reached skill level 5 in Dodging
 69662 | Vaults:5 | Noticed an ancient lich
 69669 | Vaults:5 | Killed an ancient lich
 69871 | Vaults:5 | Got a silver rune of Zot
 69896 | Vaults:5 | Identified the amulet "Gatam" {Faith Str+7 Dex+3 SInv}
 70133 | Vaults:5 | Noticed an ancient lich
 70165 | Vaults:5 | Killed an ancient lich
 70382 | Vaults:5 | Reached skill level 16 in Fighting
 70452 | Vaults:5 | Reached XP level 26. HP: 212/244 MP: 23/38
 71455 | Vaults:5 | Got the uncursed fire dragon armour of Peek-a-Boo {+Blink rF++ rC- Int+2 Dex+2}
 71461 | Vaults:5 | Identified the +2 fire dragon armour of Peek-a-Boo {+Blink rF++ rC- Int+2 Dex+2} (You found it on level 5 of the Vaults)
 72115 | Slime:1  | Entered Level 1 of the Pits of Slime
 72407 | Slime:2  | Killed Donald
 72514 | Slime:3  | Reached skill level 10 in Armour
 72712 | Slime:3  | Gained mutation: Your magical capacity is low (-10% MP). [a shining eye]
 73202 | Slime:4  | Reached skill level 17 in Fighting
 73518 | Slime:6  | Entered Level 6 of the Pits of Slime
 74360 | Slime:6  | Found a viscous altar of Jiyva.
 74361 | Slime:6  | Noticed the Royal Jelly
 74421 | Slime:5  | Reached skill level 1 in Summonings
 74628 | Slime:6  | Reached XP level 27. HP: 248/259 MP: 34/34
 74663 | Slime:6  | Killed the Royal Jelly
 74879 | Slime:6  | Identified the amulet "Erubruiti" {+Rage +Inv rPois MR+}
 75017 | Slime:6  | Got a slimy rune of Zot
 75548 | Depths:1 | Entered Level 1 of the Depths
 75569 | Depths:1 | Found Deromp's Elemental Accessories.
 75880 | Depths:1 | Reached skill level 18 in Fighting
 75888 | Depths:1 | Reached skill level 5 in Charms
 76472 | Depths:1 | Found a gateway to Hell.
 76543 | Depths:1 | Identified a +0 rod of shadows (12/12) (You found it on level 1 of the Depths)
 76646 | Depths:2 | Identified the ring of Xuhomo {Wiz Str+5}
 76648 | Depths:2 | Found a one-way gate leading to the halls of Pandemonium.
 76659 | Depths:2 | Reached skill level 5 in Necromancy
 76674 | Depths:2 | Noticed the Enchantress
 76691 | Depths:2 | Killed the Enchantress
 76702 | Depths:2 | Got the uncursed faerie dragon armour {Int+2}
 76727 | Depths:2 | Identified the +4 faerie dragon armour {Int+2} (You took it off the Enchantress on level 2 of the Depths)
 76851 | Depths:2 | Found a one-way gate to the infinite horrors of the Abyss.
 77312 | Depths:2 | Reached skill level 10 in Charms
 77506 | Depths:2 | Found a gateway to a ziggurat.
 78329 | Depths:3 | Reached skill level 19 in Fighting
 78443 | Depths:3 | Found an ancient bone altar of Kikubaaqudgha.
 78667 | Depths:3 | Noticed Mara
 78683 | Depths:3 | Noticed FitzyFitz's illusion
 78702 | Depths:3 | Killed Mara
 79389 | Depths:3 | Noticed Jory
 79410 | Depths:3 | Killed Jory
 79546 | Depths:3 | Reached skill level 10 in Necromancy
 79713 | Hell     | Entered the Vestibule of Hell
 79729 | Hell     | Noticed Geryon
 80138 | Hell     | Killed Geryon
 80192 | Hell     | Reached skill level 20 in Fighting
 80255 | Hell     | Found a gateway to the decaying netherworld of Tartarus.
 80397 | Hell     | Found a gateway to the freezing wastes of Cocytus.
 80540 | Hell     | Found a gateway to the Iron City of Dis.
 80601 | Hell     | Found a gateway to the ashen valley of Gehenna.
 81703 | Depths:4 | Reduced skill Poison Magic to level 10
 81724 | Depths:4 | Reached skill level 5 in Transmutations
 82260 | Depths:4 | Reached skill level 21 in Fighting
 82355 | Depths:5 | Entered Level 5 of the Depths
 82401 | Depths:5 | Noticed Boris
 82402 | Depths:5 | Paralysed by a giant eyeball for 2 turns
 82416 | Depths:5 | Killed Boris
 82816 | Lair:1   | Learned a level 8 spell: Necromutation
 83368 | Depths:5 | Found a gate to the Realm of Zot.
 83402 | Depths:5 | Identified the ring "Utyho" {rF+ rN+}
 83552 | Depths:5 | Identified the ring of the Eight Gods {rC+ MR+ Str+2}
 83751 | Depths:5 | Noticed Sojobo
 83776 | Depths:5 | Killed Sojobo
 83971 | Depths:5 | Reached skill level 10 in Transmutations
 84048 | Depths:5 | Found a shadowy altar of Dithmenos.
 84134 | Depths:5 | Reached skill level 15 in Necromancy
 84156 | Depths:5 | Paralysed by a giant eyeball for 3 turns
 84663 | Depths:5 | Found a radiant altar of Vehumet.
 84682 | Depths:5 | Noticed a juggernaut
 84694 | Depths:5 | Killed a juggernaut
 84782 | Depths:5 | Identified the ring of Foesol {Dex+5 Stlth-} (You took it off a merfolk on level 5 of the Depths)
 85473 | Zot:1    | Entered Level 1 of the Realm of Zot
 85545 | Zot:1    | Found an ancient bone altar of Kikubaaqudgha.
 88048 | Zot:3    | Reached skill level 15 in Spellcasting
 88181 | Zot:3    | Noticed an orb of fire
 88206 | Zot:3    | Gained mutation: Your body sometimes deteriorates upon taking damage. [an orb of fire]
 88207 | Zot:3    | Killed an orb of fire
 88521 | Zot:3    | Got the uncursed ring mail "Holoic" {rC+ MP+9 SInv Stlth+}
 89169 | Lair:1   | Learned a level 8 spell: Borgnjor's Revivification
 89178 | Lair:1   | Learned a level 8 spell: Death's Door
 89475 | Vaults:3 | Bought the cursed +0 helmet "Koiguesa" {rF- rC+ rN+ Str+4} for 253 gold pieces
 90152 | Depths:2 | Voluntarily entered the Abyss.
 90330 | Abyss:4  | Found a corrupted altar of Lugonu.
 90344 | Abyss:4  | Found an opulent altar of Gozag.
 90375 | Abyss:4  | Found a deep blue altar of Sif Muna.
 90439 | Abyss:4  | Identified the amulet "Yffou" {Dismiss rN+ MR- Dex+3 SInv} (You took it off a deep elf demonologist on level 4 of the Abyss)
 90443 | Abyss:4  | Identified the Guide on Calling
 90547 | Abyss:4  | Paralysed by accursed screaming for 1 turns
 90548 | Abyss:4  | Found a deep blue altar of Sif Muna.
 90675 | Abyss:4  | Found a corrupted altar of Lugonu.
 90756 | Abyss:4  | Upgraded the game from 0.18.1-5-g4a78601 to 0.18.1-6-gd335043
 90920 | Abyss:4  | Gained mutation: Your spells are a little easier to cast, but a little less powerful. [a neqoxec]
 90945 | Abyss:5  | Entered Level 5 of the Abyss
 91034 | Abyss:5  | Got an abyssal rune of Zot
 91185 | Abyss:5  | Gained mutation: You are clumsy. (Dex -2) [a neqoxec]
 91203 | Abyss:5  | Found an opulent altar of Gozag.
 91257 | Abyss:5  | Found an opulent altar of Gozag.
 91268 | Abyss:5  | Found an opulent altar of Gozag.
 91284 | Abyss:5  | Paralysed by accursed screaming for 1 turns
 91347 | Depths:2 | Escaped the Abyss
 92058 | Tomb:1   | Entered Level 1 of the Tomb of the Ancients
 92341 | Tomb:1   | Noticed a greater mummy
 92357 | Tomb:1   | Killed a greater mummy
 92357 | Tomb:1   | Reached skill level 22 in Fighting
 93050 | Tomb:2   | Noticed a greater mummy
 93050 | Tomb:2   | Noticed a greater mummy
 93050 | Tomb:2   | Noticed a greater mummy
 93052 | Tomb:2   | Noticed a greater mummy
 93085 | Tomb:1   | Killed a greater mummy
 93086 | Tomb:1   | Killed a greater mummy
 93087 | Tomb:1   | Killed a greater mummy
 93088 | Tomb:1   | Killed a greater mummy
 93498 | Tomb:1   | Noticed a greater mummy
 93499 | Tomb:1   | Noticed a greater mummy
 93500 | Tomb:1   | Noticed a greater mummy
 93500 | Tomb:1   | Noticed a greater mummy
 93500 | Tomb:1   | Noticed a greater mummy
 93524 | Tomb:1   | Killed a greater mummy
 93758 | Tomb:1   | Killed a greater mummy
 93775 | Tomb:1   | Killed a greater mummy
 93881 | Tomb:1   | Killed a greater mummy
 93958 | Tomb:1   | Killed a greater mummy
 94005 | Tomb:1   | Noticed a greater mummy
 94011 | Tomb:1   | Noticed a greater mummy
 94025 | Tomb:1   | Killed a greater mummy
 94025 | Tomb:1   | Reached skill level 23 in Fighting
 94037 | Tomb:1   | Killed a greater mummy
 94069 | Tomb:1   | Noticed a greater mummy
 94077 | Tomb:1   | Noticed a greater mummy
 94083 | Tomb:1   | Killed a greater mummy
 94098 | Tomb:1   | Killed a greater mummy
 94129 | Tomb:1   | Noticed a greater mummy
 94135 | Tomb:1   | Noticed a greater mummy
 94135 | Tomb:1   | Noticed a greater mummy
 94136 | Tomb:1   | Noticed a greater mummy
 94141 | Tomb:1   | Noticed a greater mummy
 94157 | Tomb:1   | Killed a greater mummy
 94246 | Tomb:1   | Gained mutation: You are dopey. (Int -2) [the power of Zot]
 94660 | Tomb:1   | Killed a greater mummy
 94922 | Tomb:1   | Killed a greater mummy
 94933 | Tomb:1   | Killed a greater mummy
 95253 | Tomb:1   | Noticed a greater mummy
 95258 | Tomb:1   | Killed a greater mummy
 95286 | Tomb:1   | Killed a greater mummy
 95286 | Tomb:1   | Reached skill level 24 in Fighting
 95583 | Tomb:3   | Entered Level 3 of the Tomb of the Ancients
 95619 | Tomb:3   | Noticed a greater mummy
 95629 | Tomb:3   | Noticed a greater mummy
 95705 | Tomb:3   | Noticed a greater mummy
 95709 | Tomb:3   | Noticed a greater mummy
 95710 | Tomb:3   | Noticed a greater mummy
 95715 | Tomb:3   | Noticed a greater mummy
 95729 | Tomb:2   | Killed a greater mummy
 95921 | Tomb:3   | Noticed a greater mummy
 95942 | Tomb:2   | Killed a greater mummy
 95952 | Tomb:2   | Killed a greater mummy
 95967 | Tomb:2   | Killed a greater mummy
 95967 | Tomb:2   | Reached skill level 25 in Fighting
 95968 | Tomb:2   | Killed a greater mummy
 95974 | Tomb:2   | Killed a greater mummy
 96188 | Tomb:3   | Noticed a greater mummy
 96188 | Tomb:3   | Killed a greater mummy
 96279 | Tomb:3   | Noticed a greater mummy
 96286 | Tomb:3   | Killed a greater mummy
 96300 | Tomb:3   | Killed a greater mummy
 96689 | Tomb:3   | Got a golden rune of Zot
 97264 | Crypt:3  | Lost mutation: Your body sometimes deteriorates upon taking damage. [potion of cure mutation]
 97264 | Crypt:3  | Lost mutation: Your magical capacity is low (-10% MP). [potion of cure mutation]
 97264 | Crypt:3  | Lost mutation: Your muscles are strong. (Str +2) [potion of cure mutation]
 97264 | Crypt:3  | Lost mutation: You are dopey. (Int -2) [potion of cure mutation]
 97264 | Crypt:3  | Lost mutation: You are surrounded by a mild repulsion field (EV +2). [potion of cure mutation]
 97661 | Lair:1   | Identified the +2 ring mail "Holoic" {rC+ MP+9 SInv Stlth+} (You found it on level 3 of the Realm of Zot)
 97723 | Zig:1    | Entered Level 1 of a ziggurat
 97739 | Zig:2    | Entered Level 2 of a ziggurat
 97768 | Zig:3    | Entered Level 3 of a ziggurat
 97791 | Zig:4    | Entered Level 4 of a ziggurat
 97826 | Zig:5    | Entered Level 5 of a ziggurat
 97884 | Zig:5    | Got the cursed troll leather armour "Cyhuq" {rC+ Regen+}
 97893 | Zig:5    | Identified the cursed +1 troll leather armour "Cyhuq" {rC+ Regen+} (You found it on level 5 of a ziggurat)
 97909 | Zig:6    | Entered Level 6 of a ziggurat
 97914 | Zig:6    | Identified the +1 troll leather armour "Geodejao" {+Blink rC+ Regen+ Str+2}
 97919 | Zig:6    | Reached skill level 26 in Fighting
 97939 | Zig:6    | Identified the Tome of the Traveller and Clay
 97973 | Zig:7    | Entered Level 7 of a ziggurat
 98061 | Zig:8    | Entered Level 8 of a ziggurat
 98066 | Zig:8    | Noticed Mufiraly the pandemonium lord
 98113 | Zig:8    | Killed Mufiraly the pandemonium lord
 98189 | Zig:8    | Identified Pempiac's Incunabulum of Combat Magic
 98262 | Zig:9    | Entered Level 9 of a ziggurat
 98266 | Zig:9    | Noticed Muarhism the pandemonium lord
 98298 | Zig:9    | Identified the ring "Ufiqe" {MR+ Dex+3}
 98798 | Pan      | Entered the realm of Gloorx Vloq.
 98798 | Pan      | Entered Pandemonium
 98798 | Pan      | Noticed Gloorx Vloq
 98983 | Pan      | Reached skill level 1 in Fire Magic
 99279 | Pan      | Reached skill level 5 in Fire Magic
 99486 | Pan      | Found an exit through the horrors of the Abyss.
 99861 | Pan      | Reached skill level 27 in Fighting
 99919 | Pan      | Killed Gloorx Vloq
 99919 | Pan      | Reached skill level 10 in Dodging
100133 | Pan      | Got a dark rune of Zot
100312 | Pan      | Took an exit into the Abyss.
100312 | Abyss:1  | Escaped into the Abyss
100399 | Depths:2 | Escaped the Abyss
100917 | Pan      | Entered Pandemonium
101038 | Pan      | Noticed Egrac the pandemonium lord
101051 | Pan      | Killed Egrac the pandemonium lord
101051 | Pan      | Reached skill level 10 in Fire Magic
101283 | Pan      | Noticed Kuabiext the pandemonium lord
101292 | Pan      | Killed Kuabiext the pandemonium lord
101341 | Depths:2 | Escaped Pandemonium
101445 | Pan      | Entered Pandemonium
101456 | Pan      | Noticed Mennas
101483 | Pan      | Killed Mennas
101712 | Pan      | Found an exit through the horrors of the Abyss.
101843 | Depths:2 | Escaped Pandemonium
101996 | Pan      | Entered the realm of Cerebov.
101996 | Pan      | Entered Pandemonium
102100 | Pan      | Found an exit through the horrors of the Abyss.
102578 | Pan      | Identified the ring of Wigol {SInv Stlth+}
102612 | Pan      | Identified the ring "Geadem" {Str+5 Dex+2}
102925 | Pan      | Identified the ring of Dogma {rPois Int+4 Dex+6 SInv Stlth-} (You took it off an efreet in Pandemonium)
102994 | Pan      | Noticed Cerebov
103057 | Pan      | Killed Cerebov
103461 | Pan      | Identified the Collected Works on Mutagenic Hexes
103477 | Pan      | Identified Sif Muna's Catalogue of Fascination and the Blaze
103492 | Pan      | Identified the amulet "Cekhlell" {Inacc rElec rN+ MR+}
103535 | Pan      | Learned a level 5 spell: Bolt of Magma
103674 | Pan      | Got a fiery rune of Zot
103825 | Pan      | Found a glowing silver altar of Zin.
104889 | Pan      | Found a white marble altar of Elyvilon.
104938 | Pan      | Got the cursed crystal plate armour of Cowardice {Int+3 Dex+3}
104941 | Pan      | Identified the cursed +0 crystal plate armour of Cowardice {Int+3 Dex+3} (You found it in Pandemonium)
105273 | Pan      | Identified the amulet of the Final Chapter {Inacc rPois Dex+4}
106551 | Pan      | Noticed a seraph
106580 | Pan      | Killed a seraph
106679 | Pan      | Reached skill level 15 in Armour
106730 | Pan      | Found a glowing golden altar of the Shining One.
106748 | Pan      | Got a demonic rune of Zot
106958 | Pan      | Found an exit through the horrors of the Abyss.
106972 | Depths:2 | Escaped Pandemonium
106981 | Pan      | Entered the realm of Mnoleg.
106981 | Pan      | Entered Pandemonium
107006 | Pan      | Identified the +2 hat "Aschol" {MR++ Regen+ Int-2}
107112 | Pan      | Noticed Mnoleg
107175 | Pan      | Killed Mnoleg
107460 | Pan      | Got a glowing rune of Zot
107503 | Pan      | Noticed Giefuk the pandemonium lord
107525 | Pan      | Killed Giefuk the pandemonium lord
107966 | Pan      | Noticed Yvikog the pandemonium lord
107999 | Pan      | Entered the realm of Lom Lobon.
108150 | Pan      | Found an exit through the horrors of the Abyss.
108899 | Pan      | Noticed Lom Lobon
108922 | Pan      | Killed Lom Lobon
108932 | Pan      | Got a magical rune of Zot
109279 | Pan      | Took an exit into the Abyss.
109279 | Abyss:1  | Escaped into the Abyss
109287 | Depths:2 | Escaped the Abyss
109324 | Zig:1    | Entered Level 1 of a ziggurat
109351 | Zig:2    | Entered Level 2 of a ziggurat
109431 | Zig:3    | Entered Level 3 of a ziggurat
109536 | Zig:4    | Entered Level 4 of a ziggurat
109588 | Zig:5    | Entered Level 5 of a ziggurat
109629 | Zig:5    | Gained mutation: Your mind is acute. (Int +2) [potion of beneficial mutation]
109658 | Zig:6    | Entered Level 6 of a ziggurat
109665 | Zig:6    | Noticed a greater mummy
109666 | Zig:6    | Identified the ring of Secrets {Ice rN+ MR+}
109684 | Zig:6    | Killed a greater mummy
109843 | Zig:7    | Entered Level 7 of a ziggurat
109874 | Zig:7    | HP: 3/298 [bennu (19)]
109874 | Zig:7    | Demolished by a bennu

Skill      XL: |  1  2  3  4  5  6  7  8  9 10 11 12 13 14 15 16 17 18 19 20 21 22 23 24 25 26 27 |
---------------+----------------------------------------------------------------------------------+-----
Poison Magic   | 6 7 8 9 10 11 12 4 |  4.0
Air Magic      | 1 2 3 6 9 10 11 12 14 17 20 23 24 | 24.0
Conjurations   | 1 2 3 4 5 7 8 13 14 | 14.6
Spellcasting   | 3 4 7 8 9 10 11 18 | 18.7
Stealth        | 6 7 11 12 15 16 | 16.6
Fighting       | 5 6 7 10 13 14 15 16 17 27 | 27.0
Short Blades   | 5 8 9 6 0 |  0.0
Dodging        | 3 4 7 9 12 | 12.1
Armour         | 1 2 4 6 7 9 11 17 | 17.6
Shields        | 2 7 9 12 | 12.3
Evocations     | 1 2 3 6 8 |  8.9
Maces & Flails | 4 11 12 15 16 18 | 18.3
Translocations | 1 |  1.6
Transmutations | 1 11 | 11.7
Necromancy     | 2 17 | 17.8
Charms         | 4 14 | 14.5
Summonings     | 1 3 |  3.5
Fire Magic     | 13 | 13.5

Action                   |  1- 3 |  4- 6 |  7- 9 | 10-12 | 13-15 | 16-18 | 19-21 | 22-24 | 25-27 || total
-------------------------+-------+-------+-------+-------+-------+-------+-------+-------+-------++-------
Melee: Dagger            |    65 |    37 |   105 |    56 |    44 |       |       |       |       ||   307
       Short sword       |       |    92 |   413 |       |       |       |       |       |       ||   505
       Rapier            |       |       |   195 |   756 |   485 |       |       |       |       ||  1436
       Scimitar          |       |       |    13 |       |       |       |       |       |       ||    13
       Staff             |       |       |       |    29 |     6 |    81 |     9 |    87 |    66 ||   278
       Constrict         |       |       |       |       |   310 |   268 |   263 |   306 |   905 ||  2052
       Eveningstar       |       |       |       |       |  1018 |  2157 |  1872 |  1624 |  6713 || 13384
 Fire: Hunting sling     |       |     6 |    19 |       |       |       |       |       |       ||    25
Throw: Stone             |     5 |     1 |     7 |     2 |       |       |       |       |       ||    15
       Tomahawk          |       |       |     1 |     1 |       |       |       |       |       ||     2
 Cast: Sting             |    58 |    66 |    65 |    50 |    21 |    29 |     8 |     2 |     1 ||   300
       Mephitic Cloud    |       |     3 |    12 |    72 |    70 |    29 |    39 |     6 |    10 ||   241
       Olgreb's Toxic Ra |       |     7 |     3 |     8 |       |       |       |       |       ||    18
       Cure Poison       |       |       |     7 |     2 |     2 |     3 |       |       |       ||    14
       Venom Bolt        |       |       |       |    17 |    48 |    17 |       |       |       ||    82
       Spider Form       |       |       |       |     2 |       |       |       |       |       ||     2
       Lightning Bolt    |       |       |       |    14 |    51 |    36 |     5 |       |       ||   106
       Poisonous Cloud   |       |       |       |       |     7 |    38 |    41 |    22 |    11 ||   119
       Force Lance       |       |       |       |       |       |    19 |     1 |     3 |    29 ||    52
       Ignite Poison     |       |       |       |       |       |    12 |     6 |       |       ||    18
       Sublimation of Bl |       |       |       |       |       |     2 |       |       |     3 ||     5
       Deflect Missiles  |       |       |       |       |       |       |     4 |     6 |    12 ||    22
       Orb of Destructio |       |       |       |       |       |       |       |    11 |    20 ||    31
       Silence           |       |       |       |       |       |       |       |     4 |    21 ||    25
       Tornado           |       |       |       |       |       |       |       |     6 |   177 ||   183
       Summon Butterflie |       |       |       |       |       |       |       |     2 |    24 ||    26
       Necromutation     |       |       |       |       |       |       |       |       |    94 ||    94
Invok: Curse Item        |       |       |     1 |     4 |     3 |     2 |     2 |     1 |     4 ||    17
       Transfer Knowledg |       |       |       |       |     3 |       |       |       |     2 ||     5
       Scrying           |       |       |       |       |     1 |     1 |     1 |       |     8 ||    11
 Abil: Spit Poison       |     3 |    18 |    24 |    20 |     8 |     2 |     2 |     1 |     1 ||    79
       Blink             |       |       |       |     2 |     9 |     7 |       |       |       ||    18
       Evoke Invisibilit |       |       |       |       |     1 |     4 |     3 |       |     1 ||     9
       Evoke Flight      |       |       |       |       |       |     3 |     1 |       |       ||     4
       Evoke Blink       |       |       |       |       |       |    16 |     2 |     1 |    15 ||    34
       Stop Flying       |       |       |       |       |       |     1 |       |       |       ||     1
       End Transformatio |       |       |       |       |       |       |       |       |     9 ||     9
Evoke: Wand              |       |       |       |    10 |       |    12 |       |     3 |    26 ||    51
       Staff of energy   |       |       |       |     1 |       |       |       |       |    63 ||    64
       Phantom mirror    |       |       |       |     1 |       |       |       |       |     3 ||     4
       Stone of tremors  |       |       |       |       |     2 |       |       |       |       ||     2
       Rod               |       |       |       |       |       |       |       |       |     2 ||     2
       Figurine of a zig |       |       |       |       |       |       |       |       |     1 ||     1
  Use: Scroll            |       |     4 |     9 |    15 |    20 |     9 |    18 |     5 |    67 ||   147
       Potion            |       |     1 |     4 |     7 |     4 |     3 |     3 |     7 |    33 ||    62
 Stab: Sleeping          |     5 |     3 |    16 |    32 |    35 |    18 |    66 |    34 |    55 ||   264
       Confused          |       |       |     6 |    26 |    48 |    20 |    20 |     5 |    16 ||   141
       Paralysed         |       |       |       |     1 |       |       |       |       |       ||     1
       Distracted        |       |       |       |     4 |     4 |     7 |     6 |     8 |    27 ||    56
       Invisible         |       |       |       |       |       |    14 |     6 |       |     1 ||    21
  Eat: Chunk             |     3 |    12 |    10 |    22 |    32 |    14 |    43 |    15 |    18 ||   169
       Pizza             |       |       |     2 |       |       |     2 |     1 |     1 |     4 ||    10
       Meat ration       |       |       |     1 |     2 |     3 |     3 |       |     5 |    14 ||    28
       Fruit             |       |       |     2 |     1 |     1 |     5 |     3 |       |    13 ||    25
       Bread ration      |       |       |       |     2 |       |     3 |       |       |     2 ||     7
       Royal jelly       |       |       |       |       |     1 |     2 |       |       |     4 ||     7
       Beef jerky        |       |       |       |       |       |       |     3 |     3 |     7 ||    13
Armor: Robe              |    29 |    38 |    46 |       |       |       |       |       |       ||   113
       Leather armour    |       |       |   188 |   308 |   593 |   464 |       |       |    81 ||  1634
       Troll leather arm |       |       |       |       |       |   678 |   429 |   446 |  1893 ||  3446
       Fire dragon armou |       |       |       |       |       |       |       |    11 |       ||    11
       Mottled dragon ar |       |       |       |       |       |       |       |       |   356 ||   356
Dodge: Dodged            |    44 |    88 |   306 |   293 |   744 |  1682 |   810 |   708 |  3999 ||  8674
       Deflected         |       |       |       |       |       |       |     9 |    68 |   285 ||   362
Block: Buckler           |       |       |       |    18 |       |       |       |       |       ||    18
       Shield            |       |       |       |   105 |   809 |  1394 |   308 |       |       ||  2616
       Large shield      |       |       |       |       |       |       |  1008 |  1424 |  7175 ||  9607
